 Dungeon Crawl Stone Soup version 0.27-a0-972-gd1521fd518 (webtiles) character file.

Game seed: 2155909551522713159

27 Froggeryz the Ruffian (level 3, -1/27 HPs)
             Began as a Barachi Wanderer on Apr 13, 2021.
             Slain by an adder (3 damage)
             ... on level 2 of the Dungeon.
             The game lasted 00:02:43 (1748 turns).

Froggeryz the Ruffian (Barachi Wanderer)            Turns: 1748, Time: 00:02:44

Health: -1/27      AC:  3    Str: 13    XL:     3   Next: 10%
Magic:  4/4        EV:  8    Int: 14    God:
Gold:   13         SH:  0    Dex: 10    Spells: 3/4 levels left

rFire    . . .     SeeInvis .     - Unarmed
rCold    . . .     Faith    .   (no shield)
rNeg     . . .     Spirit   .   g - +0 leather armour
rPois    .         Reflect  .   (no helmet)
rElec    .         Harm     .   (no cloak)
rCorr    .         Rampage  .   (no gloves)
Will     .....                  (no boots)
Stlth    ..........             (no amulet)
HPRegen  0.09/turn              (no ring)
MPRegen  0.09/turn              (no ring)

@: confused, lethally poisoned (-1 -> -5), ambrosia-drunk, unable to hop,
attractive, constricted, slow
A: +LOS, amphibious, slowness 1, strong legs 1
a: Hop


You were on level 2 of the Dungeon.
You visited 1 branch of the dungeon, and saw 2 of its levels.

You collected 13 gold pieces.

Inventory:

Missiles
 f - 15 stones
 j - 7 javelins
Armour
 g - a +0 leather armour (worn)
Scrolls
 a - a scroll of magic mapping {unknown}
 b - a scroll of identify {unknown}
 d - a scroll of fog {unknown}
 h - a scroll of blinking {unknown}


   Skills:
 + Level 2.2 Fighting
 - Level 1.1 Maces & Flails
 - Level 2.0 Throwing
 - Level 1.2 Armour
 * Level 2.3 Unarmed Combat
 - Level 1.1 Spellcasting
 - Level 2.1 Translocations
 - Level 2.1 Transmutations


You had 3 spell levels left.
You knew the following spells:

 Your Spells              Type           Power      Damage    Failure   Level
a - Sandblast             Erth           0%         2d4       32%         1

Your spell library contained the following spells:

 Spells                   Type           Power      Damage    Failure   Level
 Blink                    Tloc           N/A        N/A       21%         2
 Magic Dart               Conj           0%         1d3       32%         1
 Passwall                 Tmut/Erth      2%         N/A       32%         2
 Call Imp                 Summ           0%         N/A       45%         2
 Slow                     Hex            0%         N/A       45%         2
 Conjure Flame            Conj/Fire      0%         6-21      69%         3
 Mephitic Cloud           Conj/Pois/Air  0%         N/A       69%         3
 Stone Arrow              Conj/Erth      0%         3d7       69%         3
 Petrify                  Tmut/Erth      3%         N/A       91%         4
 Lee's Rapid Deconstruct  Erth           0%         3d5*      100%        5


Dungeon Overview and Level Annotations

Branches:
Dungeon (2/15)

Altars:


Innate Abilities, Weirdness & Mutations

You can be seen from farther away. (+LOS)
You are amphibious.
You cover ground slowly.
You can hop short distances.


Message History

The ball python barely misses you. The ball python constricts you.
Unknown command.
Unknown command.
You escape the ball python's grasp.
An adder comes into view.
The adder hisses angrily.
The bat barely misses you.
You see here a scroll labelled LAUVIR CIBEWNE.
It was a potion of attraction.
You feel attractive to monsters. The bat hits you but does no damage.
The hobgoblin barely misses you. The ball python bites you.
* * * LOW HITPOINT WARNING * * *
The ball python misses you. The adder is pulled toward you!
Unknown command.
Unknown command.
It was a potion of ambrosia.
You are confused.
You feel invigorated. The bat hits you but does no damage.
The hobgoblin hits you.
* * * LOW HITPOINT WARNING * * *
The ball python bites you.
* * * LOW HITPOINT WARNING * * *
The ball python grabs you.
* * * LOW HITPOINT WARNING * * *
The ball python constricts you.
The kobold throws a stone.
The stone closely misses you. The bat hits you.
* * * LOW HITPOINT WARNING * * *
The hobgoblin hits you.
* * * LOW HITPOINT WARNING * * *
The ball python closely misses you. The ball python constricts you.
The adder bites you.
* * * LOW HITPOINT WARNING * * *
You are lethally poisoned!
The adder poisons you!
Unknown command.
* * * LOW HITPOINT WARNING * * *
You feel sick. The adder bites you.
You die...

............. ........
.... ........... ..
.###......#.. ##...
........##.# ....
#......##.##..##
##......)#..†...#..
#......S.g.........?
###.......@Kb.........
#..........S.)........
#..<................
##.##...................
........................
##.###..†...............
# #..............=...
#.................
#...........###.<


You could see an adder, a hobgoblin, a bat, a ball python and a kobold.

Vanquished Creatures
  2 dart slugs
  2 endoplasms (D:1)
  2 giant cockroaches (D:1)
  2 goblins (D:1)
  3 jackals (D:1)
  2 quokkas (D:1)
  A bat (D:1)
  3 frilled lizards
  3 kobolds
  2 rats (D:1)
22 creatures vanquished.

Notes
Turn   | Place    | Note
-------+----------+-------------------------------------------
     0 | D:1      | Froggeryz the Barachi Wanderer began the quest for the Orb.
     0 | D:1      | Froggeryz set off with the following items: a +0 mace, a
                  | potion of curing, a +0 robe; and the following spell
                  | memorised: Sandblast; and the following spells available to
                  | memorise: Passwall, Stone Arrow, Petrify, Lee's Rapid
                  | Deconstruction
     0 | D:1      | Reached XP level 1. HP: 15/15 MP: 2/2
   331 | D:1      | Reached skill level 1 in Unarmed Combat
   338 | D:1      | Reached XP level 2. HP: 4/22 MP: 3/3
  1704 | D:2      | Reached XP level 3. HP: 25/27 MP: 4/4
  1745 | D:2      | HP: 1/27 [ball python (1)]
  1748 | D:2      | Slain by an adder

Illustrated notes

Levels and vault maps discovered:
D:1:      zaba_arrival_water, layout_basic, minivault_4
D:2:      layout_rooms

Skill      XL: |  1  2 |
---------------+-------+-----
Unarmed Combat | 1 2 |  2.3
Fighting       | 2 |  2.2
Maces & Flails | |  1.1
Throwing       | |  2.0
Armour         | |  1.2
Spellcasting   | |  1.1
Translocations | |  2.1
Transmutations | |  2.1

Action                   || total
-------------------------++-------
Melee: Mace              ||    52
       Unarmed           ||    18
       Punch             ||     1
 Cast: Sandblast         ||     1
 Abil: Hop               ||     2
  Use: Potion            ||     4
Armor: Robe              ||     7
       Leather armour    ||    19
Dodge: Dodged            ||    72

Table legend: (Time is in decaauts)
 A = Elapsed time spent in this place.
 B = Non-inter-level travel time spent in this place.
 C = Inter-level travel time spent in this place.
 D = Time resting spent in this place.
 E = Time spent auto-exploring this place.
 F = Levels seen in this place.
 G = Mean time per level.
                   A        B        C        D        E       F      G
               +--------+--------+--------+--------+--------+-----+--------+
         Total |   1892 |   1864 |     28 |    555 |   1093 |   2 |  946.0 |
       Dungeon |   1892 |   1864 |     28 |    555 |   1093 |   2 |  946.0 |
               +--------+--------+--------+--------+--------+-----+--------+

Top non-repeatable levels by time:
     D:1: 1838 daAuts
     D:2: 53 daAuts
